 Dungeon Crawl Stone Soup version 0.27-a0-679-g77a6b55cf3 (webtiles) character file.

Game seed: 6920315278119159476

10775 wakim the Tainter (level 11, -2/71 HPs)
             Began as an Octopode Venom Mage on Mar 18, 2021.
             Was an Elder of Makhleb.
             Slain by a warg (16 damage)
             ... led by an orc knight
             ... on level 10 of the Dungeon.
             The game lasted 00:45:06 (16068 turns).

wakim the Tainter (Octopode Venom Mage)            Turns: 16068, Time: 00:45:07

Health: -2/71      AC:  3    Str:  8    XL:     11   Next: 67%
Magic:  0/18       EV: 16    Int: 21    God:    Makhleb [****..]
Gold:   359        SH:  0    Dex: 12    Spells: 10/20 levels left

rFire    + . .     SeeInvis +   a - staff of poison
rCold    + . .     Faith    .   (no shield)
rNeg     + . .     Spirit   +   A - +2 hat of the Bear Spirit {Spirit, +Rage rN+ Will++}
rPois    +         Reflect  .   m - amulet of regeneration
rElec    +         Harm     .   g - ring of protection from fire
rCorr    .         Rampage  .   r - ring of willpower
Will     +++..                  z - ring of Uvere {rElec rC+ SInv}
Stlth    ++++......             (no ring)
HPRegen  1.21/turn              (no ring)
MPRegen  0.16/turn              (no ring)
                                (no ring)
                                (no ring)

@: no status effects
A: almost no armour, amphibious, 8 rings, camouflage 1, gelatinous body 1,
nimble swimmer 1, tentacles
a: Renounce Religion, Evoke Berserk Rage, Minor Destruction, Lesser Servant of
Makhleb, Major Destruction


You were on level 10 of the Dungeon.
You worshipped Makhleb.
Makhleb was greatly pleased with you.
You visited 3 branches of the dungeon, and saw 12 of its levels.
You also visited: Bailey.

You collected 877 gold pieces.
You spent 518 gold pieces at shops.

Inventory:

Missiles
 s - 68 boomerangs
 t - 8 poisoned darts
 v - a throwing net
Armour
 w - the +10 plate armour of Opin {-Cast Str+2 Int+6 Dex+3}
   (You found it in a bailey)

   It affects your strength (+2).
   It affects your intelligence (+6).
   It affects your dexterity (+3).
   It prevents spellcasting.
 A - the +2 hat of the Bear Spirit (worn) {Spirit, +Rage rN+ Will++}
   (You acquired it on level 1 of the Dungeon)

   It protects you from negative energy.
   It affects your willpower, your defense against some magical effects.
   It lets you go berserk.
Magical Staves
 a - a staff of poison (weapon)
 b - a staff of fire
 n - a staff of air
Jewellery
 g - a ring of protection from fire (left tentacle)
 m - an amulet of regeneration (around mantle)
 r - a ring of willpower (right tentacle)
 y - an amulet of reflection
 z - the ring of Uvere (on tentacle) {rElec rC+ SInv}
   (You bought it in a shop on level 10 of the Dungeon)

   [ring of protection from cold]

   It protects you from cold.
   It insulates you from electricity.
   It lets you see invisible.
Wands
 d - a wand of digging (3)
 e - a wand of charming (26)
 h - a wand of acid (17)
 i - a wand of iceblast (4)
 j - a wand of polymorph (23)
 p - a wand of paralysis (18)
Scrolls
 k - 2 scrolls of enchant armour
 o - a scroll of noise {unknown}
 x - a scroll of enchant weapon {unknown}
 D - a scroll of blinking
 F - a scroll of fog
 O - a scroll of silence
 Y - a scroll of teleportation {@r3}
 Z - 6 scrolls of identify {@r1}
Potions
 l - a potion of mutation {unknown}
 q - a potion of cancellation {unknown}
 u - a potion of degeneration {unknown}
 B - a potion of brilliance
 G - 2 potions of ambrosia
 H - 3 potions of haste
 J - 4 potions of curing {@q1}
 L - 3 potions of flight
 P - a potion of lignification
 T - a potion of berserk rage


   Skills:
 - Level 5.0 Fighting
 * Level 6.7 Staves
 + Level 8.8 Dodging
 - Level 6.0 Stealth
 - Level 5.0 Spellcasting
 + Level 3.5 Transmutations
 + Level 3.5 Fire Magic
 + Level 1.5 Air Magic
 - Level 10.0 Poison Magic
 + Level 6.4 Invocations
 + Level 4.5 Evocations


You had 10 spell levels left.
You knew the following spells:

 Your Spells              Type           Power      Damage    Failure   Level
a - Sting                 Tmut/Pois      100%       1d8       1%          1
g - Ignite Poison         Fire/Tmut/Pois 43%        N/A       3%          3
s - Poisonous Vapours     Pois/Air       88%        N/A       1%          2
w - Olgreb's Toxic Radia  Pois           63%        N/A       1%          4

Your spell library contained the following spells:

 Spells                   Type           Power      Damage    Failure   Level
 Mephitic Cloud           Conj/Pois/Air  31%        N/A       7%          3
 Animate Skeleton         Necr           10%        N/A       11%         1
 Apportation              Tloc           10%        N/A       11%         1
 Corona                   Hex            5%         N/A       11%         1
 Summon Small Mammal      Summ           20%        N/A       11%         1
 Confusing Touch          Hex            5%         N/A       32%         3
 Gell's Gravitas          Tloc           2%         N/A       32%         3
 Petrify                  Tmut/Erth      12%        N/A       45%         4
 Yara's Violent Unravell  Hex/Tmut       6%         3d5       82%         5
 Metabolic Englaciation   Hex/Ice        2%         N/A       96%         5


Dungeon Overview and Level Annotations

Branches:
Dungeon (10/15)            Temple (1/1) D:5            Lair (0/6) D:8
    Orc (1/2) D:10         Bailey (visited)

Altars:
Dithmenos
Elyvilon
Gozag
Hepliaklqana
Kikubaaqudgha
Makhleb
Nemelex Xobeh
Okawaru
Sif Muna
Vehumet
Wu Jian
Zin
The Shining One
Beogh

Shops:
D:1 [   D:9 [(*?!   D:10 =

Annotations:
D:6 2 transporters, 2 runed translucent doors, kae's ghost, novice NaTm
D:8 3 runed translucent doors, wakim's ghost, novice GrVM


Innate Abilities, Weirdness & Mutations

You cannot wear most types of armour.
You are amphibious.
You can wear up to eight rings at the same time.
Your skin changes colour to match your surroundings (Stealth+).
Your rubbery body absorbs attacks. (AC +1, EV +1)
You are stealthy while swimming. (Stealth+)
You have tentacles for arms and can constrict up to eight enemies at once.


Message History

You feel better.
The orc warrior hits you with a +0 war axe!
The warg bites you!!
* * * LOW HITPOINT WARNING * * *
The orc knight roars a battlecry!
The orc warrior goes into a battle-frenzy!
Your toxic aura wanes.
The orc warrior hits you with a +0 war axe!!
* * * LOW HITPOINT WARNING * * *
The orc knight shoots a bolt.
You climb upwards.
Welcome back to the Dungeon!
There is a staircase to the Orcish Mines here.
The warg bites you.
* * * LOW HITPOINT WARNING * * *
You kill the orc warrior!
A warg is nearby!
The warg looks more healthy.
You feel better. The warg bites you.
* * * LOW HITPOINT WARNING * * *
You closely miss the warg.
The warg is moderately wounded.
The warg bites you.
* * * LOW HITPOINT WARNING * * *
Casting: Ignite Poison (dangerous; 3% risk of failure)
Confirm with . or Enter, or press ? or * to list all spells.
Okay, then.
Okay, then.
As you read the scroll of identify {@r1}, it crumbles to dust.
f - a potion of heal wounds;
N - a potion of heal wounds You feel much better.
The warg bites you!
* * * LOW HITPOINT WARNING * * *
The warg bites you.
* * * LOW HITPOINT WARNING * * *
Your magical contamination has completely faded away.
You closely miss the warg.
The warg is moderately wounded.
You hit the warg but do no damage.
You envenom the warg.
The warg is moderately wounded.
The warg bites you!
You die...

.........).#.#(.#.........##.#..#
.........#.#....#.........##.#...
##...#####........###....>##.#.##
#...# #.#..#......#######.#<..
#...# #.#########.#######.....
#...#####.#.....#.#.......######
##........8.[...#.#.#####.# #
#######..'..)..#...#####.######
##.8[[⌠.@#.#.##..........
#.#.[.[h#......##.######
##########)#)....###.#####.#
..#........#8._.># #.......#
#....##.#..#..[..# #########
#....(..#..#.....#
#.#........8..⌠..#
..#.#.#.#..'.....#
##...##.#..8.....#


You could see a warg.

Vanquished Creatures
  Harold (D:9)
  A two-headed ogre (D:10)
  Pikel (D:7)
  2 orc knights (Bailey)
  A cyclops (Orc:1)
  Maurice (D:9)
  Joseph (D:9)
  Maggie (D:7)
  A komodo dragon (D:8)
  A troll (Orc:1)
  A hornet (D:8)
  Prince Ribbit (D:7)
  Sigmund (D:3)
  6 yaks
  A soldier ant (D:7)
  Menkaure (D:6)
  13 orc warriors
  2 ice beasts
  3 sky beasts
  2 black bears
  4 ogres
  2 centaurs
  4 bullfrogs
  3 scorpions
  5 killer bees (D:6)
  3 howler monkeys
  2 centaur zombies
  A bullfrog zombie (D:8)
  A hound (D:3)
  9 orc priests
  2 bullfrog skeletons
  3 centaur skeletons
  3 gnoll shamans
  Ijyb (D:5)
  2 iguanas
  15 orc wizards
  6 worker ants
  2 hound zombies
  7 adders
  10 gnolls
  A shadow imp (D:7)
  3 white imps
  2 oozes
  2 ufetubi
  An adder skeleton (D:8)
  2 worms
  3 dart slugs
  3 leopard geckos
  76 orcs
  A ball python (D:2)
  6 bats
  11 giant cockroaches
  13 goblins
  8 hobgoblins
  10 jackals
  7 quokkas
  10 frilled lizards
  A jackal zombie (D:8)
  19 kobolds
  A quokka skeleton (D:4)
  12 rats
  4 butterflies (D:7)
323 creatures vanquished.

Vanquished Creatures (collateral kills)
  A bullfrog (D:10)
1 creature vanquished.

Grand Total: 324 creatures vanquished

Notes
Turn   | Place    | Note
-------+----------+-------------------------------------------
     0 | D:1      | wakim the Octopode Venom Mage began the quest for the Orb.
     0 | D:1      | Reached XP level 1. HP: 11/11 MP: 3/3
   180 | D:1      | Reached skill level 4 in Poison Magic
   180 | D:1      | Reached XP level 2. HP: 17/17 MP: 1/5
   183 | D:1      | Learned a level 2 spell: Poisonous Vapours
   397 | D:1      | Found Hautwin's Antique Armour Emporium.
   913 | D:1      | Identified a scroll of acquirement
   913 | D:1      | Acquired the +2 hat of the Bear Spirit {Spirit, +Rage rN+
                  | Will++}
   914 | D:1      | Found the +2 hat of the Bear Spirit {Spirit, +Rage rN+
                  | Will++}
   957 | D:2      | Reached XP level 3. HP: 21/21 MP: 3/6
  1800 | D:2      | Reached XP level 4. HP: 27/27 MP: 2/7
  2006 | D:2      | Reached skill level 5 in Poison Magic
  2412 | D:2      | Learned a level 3 spell: Ignite Poison
  2449 | D:3      | Noticed Sigmund
  2513 | D:3      | Killed Sigmund
  2514 | D:3      | Reached skill level 5 in Stealth
  2514 | D:3      | Reached skill level 1 in Fire Magic
  2514 | D:3      | Reached XP level 5. HP: 31/31 MP: 2/8
  2514 | D:3      | Reached XP level 6. HP: 36/36 MP: 2/9
  2519 | D:3      | Learned a level 4 spell: Olgreb's Toxic Radiance
  2876 | D:3      | Reached skill level 6 in Poison Magic
  3287 | D:3      | Found a burning altar of Makhleb.
  3302 | D:3      | Became a worshipper of Makhleb the Destroyer
  3945 | D:4      | Reached skill level 1 in Invocations
  3945 | D:4      | Reached XP level 7. HP: 41/41 MP: 3/11
  5216 | D:5      | Entered Level 5 of the Dungeon
  5631 | D:5      | Reached skill level 7 in Poison Magic
  5798 | D:5      | Reached XP level 8. HP: 46/46 MP: 2/12
  5885 | D:5      | Noticed Ijyb
  5887 | D:5      | Killed Ijyb
  6006 | D:5      | Found a staircase to the Ecumenical Temple.
  6027 | Temple   | Entered the Ecumenical Temple
  6254 | D:5      | Reached * piety under Makhleb
  6510 | D:5      | Reached skill level 8 in Poison Magic
  6902 | D:5      | Found a white marble altar of Elyvilon.
  7410 | D:6      | Reached skill level 1 in Evocations
  7466 | D:6      | Found an ornate altar of the Wu Jian Council.
  7467 | D:6      | Found a transporter.
  7472 | D:6      | Noticed a boulder beetle
  7474 | D:6      | Found a transporter.
  7505 | D:6      | Found a glowing golden altar of the Shining One.
  7543 | D:6      | Found a runed translucent door.
  7544 | D:6      | Noticed kae's ghost (novice NaTm)
  7598 | D:6      | Found a runed translucent door.
  7601 | D:6      | Noticed Menkaure
  7676 | D:6      | Reached skill level 1 in Fighting
  7676 | D:6      | Reached skill level 1 in Staves
  8031 | D:6      | Killed Menkaure
  8032 | D:6      | Reached skill level 5 in Invocations
  8146 | D:6      | Reached XP level 9. HP: 54/54 MP: 8/13
  9731 | D:7      | Noticed Pikel
  9734 | D:7      | Killed Pikel
  9806 | D:7      | Found a runed translucent door.
  9809 | D:7      | Found a runed translucent door.
  9832 | D:7      | Noticed Prince Ribbit
  9877 | D:7      | Killed Prince Ribbit
  9972 | D:7      | Reached skill level 5 in Dodging
 10215 | D:7      | Reached ** piety under Makhleb
 10246 | D:7      | Noticed Maggie
 10254 | D:7      | Killed Maggie
 10692 | D:8      | Reached XP level 10. HP: 63/63 MP: 3/14
 10852 | D:8      | Found an iron altar of Okawaru.
 10896 | D:8      | Found a runed translucent gate.
 10896 | D:8      | Found a runed translucent gate.
 10896 | D:8      | Found a runed translucent gate.
 10898 | D:8      | Found an opulent altar of Gozag.
 10952 | D:8      | Noticed a kobold demonologist
 10955 | D:8      | Noticed wakim's ghost (novice GrVM)
 11476 | D:8      | Found a staircase to the Lair.
 11481 | D:8      | Found a hazy altar of Hepliaklqana.
 11932 | D:8      | Found a shimmering blue altar of Sif Muna.
 12115 | D:8      | Found an ancient bone altar of Kikubaaqudgha.
 12462 | D:9      | Found Labuipn's Distillery.
 12468 | D:9      | Found Lueku's Magic Scroll Boutique.
 12666 | D:9      | Noticed Maurice
 12677 | D:9      | Killed Maurice
 12678 | D:9      | Reached skill level 5 in Staves
 12678 | D:9      | Reached skill level 9 in Poison Magic
 12795 | D:9      | Found Aplai's Antique Armour Emporium.
 12795 | D:9      | Found an opulent altar of Gozag.
 12817 | D:9      | Noticed Joseph
 12827 | D:9      | Killed Joseph
 12827 | D:9      | Reached *** piety under Makhleb
 13305 | D:9      | Found a radiant altar of Vehumet.
 13315 | D:9      | Found a shadowy altar of Dithmenos.
 13547 | D:9      | Noticed Harold
 13558 | D:9      | Killed Harold
 13559 | D:9      | Reached XP level 11. HP: 70/70 MP: 1/17
 13669 | D:9      | Found Lagoz's General Store.
 13905 | D:9      | Found Ydiqof's Weapon Shop.
 14030 | D:10     | Entered Level 10 of the Dungeon
 14030 | D:10     | Noticed a two-headed ogre
 14080 | D:10     | Reached skill level 5 in Fighting
 14163 | D:10     | Found Yzxaronn's Jewellery Emporium.
 14186 | D:10     | Reached skill level 10 in Poison Magic
 14253 | D:10     | Found a flagged portal.
 14314 | Bailey   | Entered a bailey
 14320 | Bailey   | Reached **** piety under Makhleb
 14619 | Bailey   | Noticed an orc knight
 14619 | Bailey   | Noticed an orc knight
 14629 | Bailey   | Killed an orc knight
 14630 | Bailey   | Killed an orc knight
 14778 | Bailey   | Identified the +10 plate armour of Opin {-Cast Str+2 Int+6
                  | Dex+3}
 14996 | D:10     | Bought the ring of Uvere {rElec rC+ SInv} for 518 gold
                  | pieces
 15244 | D:10     | Found a staircase to the Orcish Mines.
 15265 | D:10     | Reached skill level 5 in Spellcasting
 15469 | D:10     | Killed a two-headed ogre
 15632 | D:10     | Reached skill level 1 in Air Magic
 15972 | Orc:1    | Entered Level 1 of the Orcish Mines
 15972 | Orc:1    | Noticed a cyclops
 15975 | Orc:1    | Noticed an orc knight
 15975 | Orc:1    | Killed a cyclops
 16055 | Orc:1    | Noticed a two-headed ogre
 16058 | Orc:1    | HP: 3/71 [orc warrior/+0 war axe (19)]
 16060 | D:10     | HP: 1/71 [warg[an orc knight] (5)]
 16068 | D:10     | Slain by a warg

Illustrated notes

Levels and vault maps discovered:
D:1:      dpeg_arrival_rooms_b, layout_basic, serial_shops, shop_statue
D:2:      layout_loops_ring
D:3:      layout_rooms, makhleb_blood_cavern_becter, uniq_sigmund
D:4:      layout_basic
D:5:      layout_gridville, lemuel_doored_altar, temple_fountains, uniq_ijyb
D:6:      layout_basic, gammafunk_temple_overflow_arena, ebering_ghost_sewer_f,
          uniq_menkaure
D:7:      lemuel_insect_pit, layout_basic, dk_noncrumbling_4,
          kennysheep_small_square, uniq_prince_ribbit1, uniq_maggie, uniq_pikel
D:8:      layout_cave_pods, lemuel_round_altar, okawaru_trees_1,
          lemuel_crystal_altar, lair_entry_dummy, ebering_ghost_gozag,
          amcnicky_altar_gilded
D:9:      layout_small_grid, amethyst_overflow_temple_binary, special_room
          [special_room_orc], serial_shops, shop_scrolls, shop, shop,
          shop_coins, shop_fountains, nicolae_gozag_seed_capital, uniq_harold,
          uniq_joseph, uniq_maurice
D:10:     layout_loops_cross, david_orc_5, serial_shops, shop_coins,
          enter_bailey_3
Temple:   nicolae_temple_figure_eight
Orc:1:    layout_caves

Skill      XL: |  1  2  3  4  5  6  7  8  9 10 11 |
---------------+----------------------------------+-----
Stealth        | 3 5 6 |  6.0
Poison Magic   | 4 5 6 7 8 9 10 | 10.0
Fire Magic     | 1 2 3 |  3.5
Transmutations | 2 3 |  3.5
Invocations    | 1 3 5 6 |  6.4
Spellcasting   | 3 4 5 |  5.0
Evocations     | 2 4 |  4.5
Fighting       | 1 4 5 |  5.0
Staves         | 1 3 5 6 |  6.7
Dodging        | 3 6 7 8 |  8.8
Air Magic      | 1 |  1.5

Action                   |  1- 3 |  4- 6 |  7- 9 | 10-12 || total
-------------------------+-------+-------+-------+-------++-------
Melee: Dagger            |    11 |     5 |       |       ||    16
       Constrict         |     2 |     1 |     8 |    17 ||    28
       Tentacles         |       |     2 |     8 |    23 ||    33
       Staff             |       |       |    59 |   110 ||   169
 Cast: Sting             |     8 |     7 |    16 |     3 ||    34
       Poisonous Vapours |    39 |    36 |    45 |    38 ||   158
       Ignite Poison     |       |     5 |    28 |    34 ||    67
       Olgreb's Toxic Ra |       |     6 |    25 |    40 ||    71
Evoke: Wand              |       |       |       |     2 ||     2
  Use: Scroll            |     3 |     5 |     7 |     5 ||    20
       Potion            |       |       |     1 |     2 ||     3
 Stab: Sleeping          |       |       |       |     2 ||     2
Armor: Skin              |     5 |     4 |    11 |    10 ||    30
Dodge: Dodged            |    11 |    12 |    42 |    99 ||   164

Table legend: (Time is in decaauts)
 A = Elapsed time spent in this place.
 B = Non-inter-level travel time spent in this place.
 C = Inter-level travel time spent in this place.
 D = Time resting spent in this place.
 E = Time spent auto-exploring this place.
 F = Levels seen in this place.
 G = Mean time per level.
                   A        B        C        D        E       F      G
               +--------+--------+--------+--------+--------+-----+--------+
         Total |  16076 |  15625 |    451 |    200 |  13237 |  13 | 1236.6 |
       Dungeon |  15495 |  15057 |    438 |    200 |  12851 |  10 | 1549.5 |
        Temple |     57 |     44 |     13 |      0 |     43 |   1 |   57.0 |
  Orcish Mines |     10 |     10 |      0 |      0 |      0 |   1 |   10.0 |
        Bailey |    512 |    512 |      0 |      0 |    343 |   1 |  512.0 |
               +--------+--------+--------+--------+--------+-----+--------+

Top non-repeatable levels by time:
     D:5: 1994 daAuts
     D:2: 1962 daAuts
     D:6: 1728 daAuts
     D:7: 1708 daAuts
     D:8: 1662 daAuts
     D:9: 1633 daAuts
    D:10: 1484 daAuts
     D:4: 1409 daAuts
     D:3: 965 daAuts
     D:1: 945 daAuts
  Bailey: 512 daAuts
  Temple: 57 daAuts
   Orc:1: 10 daAuts
